 Dungeon Crawl Stone Soup version 0.30-a0-777-ga9a30cbeda (webtiles) character file.

Game seed: 1511932047279093526

239 qeuew the Chopper (level 6, -2/53 HPs)
             Began as a Hill Orc Fighter on Feb 14, 2023.
             Killed by nerve-wracking pain
             ... invoked by Jessica
              (14 damage)
             ... on level 3 of the Dungeon.
             The game lasted 00:02:19 (1589 turns).

qeuew the Chopper (Hill Orc Fighter)                Turns: 1589, Time: 00:02:19

Health: -2/53      AC:  0    Str: 19      XL:     6   Next: 7%
Magic:  6/6        EV: 18    Int:  7 (8)  God:
Gold:   97         SH:  0    Dex: 17      Spells: 5/5 levels left

rFire   . . .      SeeInvis .    (weapon currently unavailable)
rCold   . . .      Faith    .    (shield currently unavailable)
rNeg    . . .      Spirit   .    (body armour currently unavailable)
rPois   .          Reflect  .    (helmet currently unavailable)
rElec   .          Harm     .    (cloak currently unavailable)
rCorr   .          Rampage  .    (gloves currently unavailable)
Will    .....                    (boots currently unavailable)
Stlth   ++                       (no amulet)
HPRegen 0.28/turn                (ring currently unavailable)
MPRegen 0.10/turn                (ring currently unavailable)

@: bat-form (expiring), flying, very quick
A: fast, flying, no casting, tiny, MP-powered wands
a: no special abilities


You were on level 3 of the Dungeon.
You were a bat.
You visited 1 branch of the dungeon, and saw 3 of its levels.

You collected 97 gold pieces.

Inventory:

Hand Weapons
 a - a +1 war axe (melded)
Armour
 b - a +0 scale mail (melded)
 c - a +0 buckler (melded)
 k - a +1 pair of gloves (melded)
Jewellery
 e - a ring of protection from cold (melded)
 i - a ring of flight (melded)
Scrolls
 d - a scroll of identify
 f - a scroll of silence
 g - 2 scrolls of blinking


   Skills:
 + Level 4.5 Fighting
 * Level 5.0 Axes
 * Level 4.7 Armour
 + Level 1.4 Dodging
 + Level 4.0 Shields


You had 5 spell levels left.
You didn't know any spells.
Your spell library was empty.

Dungeon Overview and Level Annotations

Branches:
Dungeon (3/15)

Altars:

Annotations:
D:3 Ijyb, Jessica


Innate Abilities, Weirdness & Mutations

You are a bat.
You are tiny and dextrous.
You move quickly.
You are flying.
Your equipment is almost entirely melded.
You are incapable of wielding weapons or throwing items.
You cannot cast spells.
You expend magic power (3 MP) to strengthen your wands.


Message History

Ijyb is heavily wounded.
Ijyb barely misses you.
Jessica gestures wildly.
You hit Ijyb but do no damage.
Ijyb is heavily wounded.
Ijyb hits you with a +0 club.
You are too injured to fight recklessly!
You are too injured to fight recklessly!
You are too injured to fight recklessly!
You are too injured to fight recklessly!
You are too injured to fight recklessly!
You are too injured to fight recklessly!
You are too injured to fight recklessly!
You are too injured to fight recklessly!
You are too injured to fight recklessly!
You are too injured to fight recklessly!
You are too injured to fight recklessly!
You are too injured to fight recklessly!
You are too injured to fight recklessly!
You are too injured to fight recklessly!
You are too injured to fight recklessly!
You are too injured to fight recklessly!
You hit Ijyb but do no damage.
Ijyb is heavily wounded.
Ijyb hits you with a +0 club.
Jessica gestures wildly while chanting.
Jessica blinks!
You barely miss Ijyb.
Ijyb is heavily wounded.
Jessica misses you. Ijyb completely misses you.
You closely miss Ijyb.
Ijyb is heavily wounded.
Your transformation is almost over.
Jessica closely misses you. Ijyb hits you with a +0 club!
* * * LOW HITPOINT WARNING * * *
You hit Ijyb but do no damage.
Ijyb is heavily wounded.
Jessica points at you and mumbles some strange words.
Pain shoots through your body!
You die...

##### #...######## ###
#.#.bg§..... .....
..###..@######## #...#
#.##...........# ...#
#.##.#.#######.# ##..#
#.##.#. #.#
≈#..#####.##.#.#######.####.#
≈~..##....##.#.#............#
##........<..)......<..######
#....)....##...#.####..#


You could see Ijyb and Jessica (fast).

Vanquished Creatures
  Sigmund (D:2)
  Robin (D:2)
  2 orcs (D:3)
  6 ball pythons
  An endoplasm (D:1)
  10 goblins
  6 hobgoblins
  2 jackals (D:1)
  2 quokkas (D:1)
  6 bats
  2 frilled lizards
  4 kobolds
  9 rats
52 creatures vanquished.

Notes
Turn   | Place    | Note
-------+----------+-------------------------------------------
     0 | D:1      | qeuew the Hill Orc Fighter began the quest for the Orb.
     0 | D:1      | Reached XP level 1. HP: 19/19 MP: 1/1
   192 | D:1      | Reached XP level 2. HP: 27/27 MP: 2/2
   195 | D:1      | Reached skill level 3 in Axes
   441 | D:1      | Reached XP level 3. HP: 33/33 MP: 3/3
   613 | D:2      | Noticed Robin
   621 | D:2      | Killed Robin
   850 | D:2      | Noticed Sigmund
   873 | D:2      | Killed Sigmund
   874 | D:2      | Reached skill level 4 in Axes
   874 | D:2      | Reached skill level 1 in Dodging
   874 | D:2      | Reached XP level 4. HP: 16/41 MP: 4/4
   874 | D:2      | Reached XP level 5. HP: 18/47 MP: 5/5
  1008 | D:2      | Found a faded altar of an unknown god.
  1024 | D:2      | Reached XP level 6. HP: 53/53 MP: 6/6
  1306 | D:2      | Gained mutation: You expend magic power (3 MP) to
                  | strengthen your wands. [potion of mutation]
  1459 | D:3      | Reached skill level 5 in Axes
  1559 | D:3      | Noticed Ijyb
  1559 | D:3      | Noticed Jessica
  1589 | D:3      | Killed from afar by Jessica

Illustrated notes

Levels and vault maps discovered:
D:1:      erik_arrival_blinker_ship, layout_basic, serial_glass,
          glass_columns_a, glass_columns_a, glass_columns_a, glass_columns_a,
          glass_columns_c, glass_columns_b, minmay_tetromino_i4
D:2:      layout_rooms, hellmonk_ecumenical_altar_arch_garden,
          chequers_serial_rivers_room_b, uniq_sigmund, uniq_robin
D:3:      layout_loops_ring, amcnicky_altar_gilded, minivault_4,
          kennysheep_minor_cross, uniq_ijyb, uniq_jessica

Skill      XL: |  1  2  3  4  5  6 |
---------------+-------------------+-----
Axes           | 3 4 5 |  5.0
Fighting       | 4 |  4.5
Armour         | 4 |  4.7
Dodging        | 1 |  1.4
Shields        | 4 |  4.0

Action                     |  1- 3 |  4- 6 || total
---------------------------+-------+-------++-------
  Melee: War axe           |    58 |    37 ||    95
         Unarmed           |       |    25 ||    25
    Use: Potion            |     7 |     1 ||     8
         Scroll            |     5 |     2 ||     7
 Armour: Scale mail        |    33 |    13 ||    46
  Dodge: Dodged            |    30 |    45 ||    75
  Block: Buckler           |    15 |     9 ||    24

Table legend: (Time is in decaauts)
 A = Elapsed time spent in this place.
 B = Non-inter-level travel time spent in this place.
 C = Inter-level travel time spent in this place.
 D = Time resting spent in this place.
 E = Time spent auto-exploring this place.
 F = Levels seen in this place.
 G = Mean time per level.
                   A        B        C        D        E       F      G
               +--------+--------+--------+--------+--------+-----+--------+
         Total |   1616 |   1586 |     30 |    100 |   1174 |   3 |  538.7 |
       Dungeon |   1616 |   1586 |     30 |    100 |   1174 |   3 |  538.7 |
               +--------+--------+--------+--------+--------+-----+--------+

Top non-repeatable levels by time:
     D:2: 756 daAuts
     D:1: 595 daAuts
     D:3: 264 daAuts
